AoeStats
← y.尊 尊

Black Forest

510304122Analyzed
2v2 RM · 1d ago on Sep 30, 2026· 109m 54s· 4 players
Game mode
Random Map
Map size
Medium (4 player)
Population
200
Speed
Normal
Resources
Standard
Victory
Conquest
Starting age
Dark Age
Ending age
Imperial Age
RankedLock teamsTeams togetherTeam positionsShared explorationLock speedFull tech treeHidden civsTurbo modeCheats
Victory
Defeat
🇦🇺 Sicilians · Australia
1048
+13
🇦🇺 Britons · Australia
985
+15
🇩🇰 Bohemians · Denmark
998
-15
🇨🇳 Mongols · China
957
-13
y.尊 尊
0:59 Loom
13:38 Feudal Age
14:18 Double-Bit Axe
15:13 Wheelbarrow
14:32 Man-at-Arms
14:58 Arson
19:55 Castle Age
21:23 Hand Cart
22:04 Horse Collar
27:08 Bow Saw
31:20 Nomads
31:26 Caravan
31:50 Heavy Plow
33:30 Gold Mining
33:31 Stone Mining
34:20 Fletching
37:15 Imperial Age
36:04 Padded Archer Armor
36:01 Bodkin Arrow
37:31 Leather Archer Armor
37:42 Ballistics
37:33 Masonry
37:34 Fortified Wall
37:19 Murder Holes
37:36 Clinker Construction
37:28 Murder Holes
37:47 Clinker Construction
38:14 Coinage
38:15 Conscription
39:08 Chemistry
38:20 Masonry
38:06 Murder Holes
38:21 Fortified Wall
38:51 Stone Shaft Mining
38:51 Gold Shaft Mining
37:57 Capped Ram
39:21 Siege Engineers
39:40 Carvel Hull
39:48 Carvel Hull
39:42 Husbandry
39:53 Bloodlines
39:40 Town Watch
40:19 Drill
39:40 Elite Mangudai
40:56 Hoardings
41:19 Banking
42:17 Bracer
42:21 Siege Ram
43:02 Elite Steppe Lancer
44:49 Forging
44:45 Scale Barding Armor
45:23 Siege Engineers
47:17 Chain Barding Armor
47:32 Iron Casting
48:12 Light Cavalry
52:01 Blast Furnace
51:02 Scale Mail Armor
56:48 Chain Mail Armor
72:56 Onager
72:58 Heavy Scorpion
80:21 Siege Onager
81:05 Heavy Camel Rider
84:44 Siege Onager
96:16 Town Patrol
maltheh9797
1:24 Loom
12:26 Feudal Age
19:32 Castle Age
17:59 Double-Bit Axe
20:29 Bow Saw
23:30 Wheelbarrow
24:01 Fishing Lines
27:07 Squires
28:05 Fletching
28:17 Padded Archer Armor
30:03 Town Watch
30:36 Hand Cart
36:01 Imperial Age
36:10 Bodkin Arrow
36:30 Leather Archer Armor
35:41 Elite Skirmisher
37:18 Conscription
38:05 Chemistry
37:26 Ballistics
39:21 Bow Saw
40:58 Bracer
41:28 Ring Archer Armor
41:13 Elite Hussite Wagon
42:02 Wagenburg Tactics
42:03 Houfnice
44:40 Siege Engineers
47:50 Bow Saw
47:23 Crossbowman
55:19 Pikeman
56:01 Halberdier
56:45 Scale Mail Armor
56:56 Forging
57:51 Chain Mail Armor
57:42 Scale Barding Armor
81:21 Iron Casting
81:17 Plate Mail Armor
97:21 Fortified Wall
103:45 Blast Furnace
.wailord
0:36 Loom
11:11 Feudal Age
11:58 Double-Bit Axe
11:54 Horse Collar
15:02 Town Watch
16:56 Wheelbarrow
21:09 Castle Age
19:33 Gold Mining
19:34 Stone Mining
22:51 Hand Cart
26:48 Imperial Age
24:42 Bow Saw
26:31 Fletching
26:41 Padded Archer Armor
26:45 Heavy Plow
27:38 Ballistics
27:31 Fortified Wall
28:36 Gold Shaft Mining
29:18 Leather Archer Armor
29:26 Bodkin Arrow
29:47 Masonry
31:02 Ring Archer Armor
31:10 Caravan
31:50 Town Patrol
32:54 Bracer
34:16 Conscription
34:56 Yeomen
35:10 Elite Longbowman
37:36 Two-Man Saw
38:11 Guilds
39:40 Chemistry
38:22 Treadmill Crane
39:31 Architecture
46:54 Capped Ram
47:50 Scale Barding Armor
47:56 Forging
51:41 Chain Barding Armor
51:57 Iron Casting
52:00 Light Cavalry
52:40 Husbandry
53:18 Plate Barding Armor
55:43 Blast Furnace
62:08 Onager
72:47 Warwolf
103:08 Coinage
xernex
0:47 Loom
12:02 Feudal Age
13:14 Double-Bit Axe
13:46 Horse Collar
20:10 Castle Age
19:17 Fishing Lines
20:36 Fletching
21:11 Bow Saw
21:02 Crossbowman
23:52 Heavy Plow
26:07 Wheelbarrow
26:27 Bodkin Arrow
27:10 Hand Cart
28:03 Gold Mining
28:18 Padded Archer Armor
29:11 Ballistics
31:54 Imperial Age
29:13 Town Watch
29:39 Elite Skirmisher
30:37 Leather Archer Armor
31:26 Gold Shaft Mining
33:56 Chemistry
33:09 Bracer
33:34 Conscription
33:07 Arbalester
34:41 Crop Rotation
34:33 Stone Mining
34:50 Scale Mail Armor
36:09 Masonry
36:12 Siege Engineers
36:38 Murder Holes
37:38 Chain Mail Armor
37:33 Forging
37:19 Gambesons
37:34 Squires
37:21 Arson
39:10 Hoardings
39:06 First Crusade
39:20 Plate Mail Armor
38:18 Elite Serjeant
40:16 Iron Casting
41:23 Caravan
42:04 First Crusade
42:47 Blast Furnace
48:24 Scale Barding Armor
49:41 Hauberk
49:59 Chain Barding Armor
49:52 Bloodlines
49:44 Husbandry
50:55 Cavalier
54:28 Light Cavalry
62:04 Plate Barding Armor
62:23 Onager
65:04 Pikeman
65:50 Halberdier
71:47 Town Patrol
71:29 Siege Onager
85:51 Gillnets
Connection lost

Rejoining the realm…

Still unreachable

The connection could not be restored.

Session expired

The server has moved on; the page needs a fresh start.